 Dungeon Crawl Stone Soup version 0.20-a0-513-g02c11fc (webtiles) character file.

158 AlphabetPasta the Caller (level 5, -2/28 HPs)
             Began as a Tengu Summoner on Jan 23, 2017.
             Slain by Geoffrax's ghost (9 damage)
             ... on level 4 of the Dungeon.
             The game lasted 00:32:14 (3718 turns).

AlphabetPasta the Caller (Tengu Summoner)           Turns: 3718, Time: 00:32:14

Health: -2/28      AC:  3    Str:  8      XL:     5   Next: 39%
Magic:  2/10       EV: 12    Int: 15 (17) God:
Gold:   184        SH:  0    Dex: 13 (14) Spells: 4/10 levels left

rFire    . . .     SeeInvis .   o - +0 halberd
rCold    . . .     Gourm    .   a - +1 robe
rNeg     . . .     Faith    .   (shield currently unavailable)
rPois    .         Spirit   .   (helmet restricted)
rElec    .         Reflect  .   (no cloak)
rCorr    .         Harm     .   (no gloves)
MR       .....                  (boots unavailable)
Stlth    ++........             (no amulet)
Regen    0.1/turn               (no ring)
                                (no ring)

@: drained
A: beak, talons 3, able to fly 1
a: Fly


You were on level 4 of the Dungeon.
You were not hungry.

You visited 1 branch of the dungeon, and saw 4 of its levels.
You also visited: Sewer.

You collected 184 gold pieces.

Inventory:

Hand Weapons
 e - a +0 club
 o - a +0 halberd (weapon)
Armour
 a - a +1 robe (worn)
 k - a +0 shield
Scrolls
 j - 4 scrolls of teleportation
 m - 3 scrolls of fear
Potions
 d - a potion of degeneration
 f - 2 potions of might {unknown}
 i - 2 potions of mutation {unknown}
 l - 2 potions of heal wounds {unknown}
 p - a potion of curing {unknown}
Books
 b - a book of Callings

   Spells                             Type                      Level
   a - Summon Small Mammal            Summoning                    1
   b - Call Imp                       Summoning                    2
   c - Call Canine Familiar           Summoning                    3
   d - Summon Guardian Golem          Hexes/Summoning              3
   e - Summon Lightning Spire         Summoning/Air                4
   f - Summon Ice Beast               Ice/Summoning                4
Comestibles
 c - 2 bread rations
 g - a fruit
 h - a meat ration
 n - 3 chunks of flesh


   Skills:
 - Level 0.8(0.5) Fighting
 + Level 0.0 Polearms
 - Level 2.1(1.8) Dodging
 - Level 2.0(1.6) Stealth
 + Level 3.2(2.9) Spellcasting
 * Level 6.8(6.5) Summonings


You had 4 spell levels left.
You knew the following spells:

 Your Spells              Type           Power        Failure   Level  Hunger
a - Summon Small Mammal   Summ           ###.         1%          1    #......
b - Call Imp              Summ           ###.....     1%          2    ##.....
c - Call Canine Familiar  Summ           ###.....     4%          3    ###....


Dungeon Overview and Level Annotations

Branches:
Dungeon (4/15)
 Temple: D:4-7

Altars:
Fedhas

Annotations:
D:2 exclusion: oklob plant
D:4 Geoffrax's ghost, novice DsCK


Innate Abilities, Weirdness & Mutations

You have a beak for a mouth.
You have claws for feet.
You can fly.


Message History

Your hound bites Geoffrax's ghost but does no damage.
Your hound misses Geoffrax's ghost. Geoffrax's ghost hits your hound!
Your hound is poisoned.
Your shadow imp hits Geoffrax's ghost.
Your hound bites Geoffrax's ghost but does no damage.
Geoffrax's ghost hits your hound!
Your hound dies!
Your hound's corpse disappears in a puff of smoke!
Geoffrax's ghost turns its malevolent gaze towards you.
You closely miss Geoffrax's ghost.
Geoffrax's ghost is severely damaged.
Your shadow imp hits Geoffrax's ghost.
Geoffrax's ghost hits your shadow imp!
Your shadow imp is moving more slowly.
Your shadow imp misses Geoffrax's ghost.
You closely miss Geoffrax's ghost.
Geoffrax's ghost is almost destroyed.
Geoffrax's ghost hits you!
* * * LOW HITPOINT WARNING * * *
Space warps horribly around you!
You die...

..# #.#.......# #.#
#.# ..# #.#######)#
#.# #.# ..# #. ##.#
#.#######.# ..# #>
#.<# #........<# ..#
######.#######.#######
..# .......)...# #.##
..#
#######.##.####..##
### #.#5W.......###
#.#.@.........#
#.#......≈....#
#.##.≈.≈≈≈≈≈..#
#.##≈≈#≈#≈##### ## #.
#≈≈≈≈≈≈≈≈≈# .#
#########≈# .#
#.#≈≈≈≈≈≈# .#
#≈#≈#≈#### .#
#≈#≈#≈≈≈≈#


You could see Geoffrax's ghost and a friendly shadow imp (petrifying).

Vanquished Creatures
  2 adders
  A river rat (Sewer)
  2 worms
  An orc (D:3)
  2 ball pythons
  6 bats
  5 giant cockroaches
  7 goblins
  4 hobgoblins
  A quokka (D:3)
  5 frilled lizards (Sewer)
  4 kobolds
  8 rats
48 creatures vanquished.

Vanquished Creatures (collateral kills)
  A hound (D:4)
  2 adders
  3 gnolls (D:3)
  A river rat (Sewer)
  2 worms
  11 orcs
  2 giant cockroaches
  A goblin (D:1)
  A hobgoblin (D:1)
  5 jackals
  3 kobolds
  2 bats
  3 frilled lizards
  A rat (D:1)
38 creatures vanquished.

Grand Total: 86 creatures vanquished

Notes
Turn   | Place    | Note
-------+----------+-------------------------------------------
     0 | D:1      | AlphabetPasta the Tengu Summoner began the quest for the Orb.
     0 | D:1      | Reached XP level 1. HP: 10/10 MP: 4/4
    77 | D:1      | Reached skill level 5 in Summonings
   397 | D:1      | Reached XP level 2. HP: 15/15 MP: 4/6
   401 | D:1      | Learned a level 2 spell: Call Imp
   880 | D:2      | Found a blossoming altar of Fedhas.
   895 | D:2      | Noticed an oklob plant
  1105 | D:2      | Reached XP level 3. HP: 18/19 MP: 7/7
  1533 | D:2      | Learned a level 3 spell: Call Canine Familiar
  2205 | D:3      | Reached XP level 4. HP: 22/24 MP: 6/9
  2498 | D:3      | Reached skill level 6 in Summonings
  2799 | D:4      | Noticed Geoffrax's ghost (novice DsCK)
  3002 | D:3      | Gained mutation: You can fly. [Tengu growth]
  3002 | D:3      | Reached XP level 5. HP: 17/28 MP: 2/10
  3197 | D:4      | Found a glowing drain.
  3205 | Sewer    | Entered a sewer
  3718 | D:4      | Slain by Geoffrax's ghost

Vault maps used:
D:1:      dpeg_arrival_prison, kennysheep_nondescript
D:2:      tgw_fedhas
D:3:      first_bread, kennysheep_donut
D:4:      lightli_sewer_entry_pipes
Sewer:    sewer_co_cracked_pipes

Skill      XL: |  1  2  3  4 |
---------------+-------------+-----
Summonings     | 5 6 |  6.8
Spellcasting   | 3 |  3.2
Fighting       | |  0.8
Dodging        | |  2.1
Stealth        | |  2.0

Action                   |  1- 3 |  4- 6 || total
-------------------------+-------+-------++-------
Melee: Unarmed           |    14 |       ||    14
       Club              |    99 |    49 ||   148
       Kick              |    20 |    22 ||    42
       Peck              |    15 |    10 ||    25
       Halberd           |       |    50 ||    50
 Cast: Summon Small Mamm |    15 |       ||    15
       Call Imp          |     8 |    11 ||    19
       Call Canine Famil |       |     8 ||     8
  Use: Scroll            |     5 |     1 ||     6
       Potion            |       |     2 ||     2
 Stab: Sleeping          |     4 |     4 ||     8
       Distracted        |     1 |     2 ||     3
  Eat: Chunk             |     4 |     6 ||    10
       Fruit             |     1 |     1 ||     2
Armor: Robe              |    34 |    24 ||    58
Dodge: Dodged            |    70 |    70 ||   140
